 Dungeon Crawl Stone Soup version 0.31.0-11-ge490571c62 (webtiles) character file.

Game seed: 14989573843170166772

5406 bearlyready the Grappler (level 10, -25/118 (147) HPs)
             Began as a Troll Shapeshifter on Feb 7, 2024.
             Killed from afar by a laughing skull (28 damage)
             ... with a bolt of negative energy
             ... on level 2 of the Abyss.
             The game lasted 00:12:05 (7278 turns).

bearlyready the Grappler (Troll Shapeshifter)       Turns: 7278, Time: 00:12:05

HP:   -25/118 (147) AC:  4    Str: 28    XL:     10   Next: 40%
MP:   9/9           EV:  9    Int:  6    God:
Gold: 331           SH:  0    Dex:  9    Spells: 9/9 levels left

rFire   . .          .
                       - Unarmed
rCold   + . .        (no shield)
rNeg    . . .        a - +0 animal skin
rPois   .            (helmet currently unavailable)
rElec   .            (cloak currently unavailable)
rCorr   +            (gloves unavailable)
SInv    .            (boots unavailable)
Will    .....        H - amulet of magic regeneration Stlth
                     f - ring of resist corrosion
HPRegen 1.19/turn    g - ring of protection from cold
MPRegen 0.51/turn

%: no passive effects
@: berserking, beast-form, heavily drained, very quick
A: beast (slay +4), large, unfitting armour, claws 3, regeneration 1, shaggy fur
1, tough skin 1
a: Begin Untransformation


You were on level 2 of the Abyss.
You were a hulking beast.
You visited 2 branches of the dungeon, and saw 10 of its levels.
You visited the Abyss 1 time.
You also visited: Sewer.

You collected 562 gold pieces.
You spent 231 gold pieces at shops.

Inventory:

Missiles
 m - 15 poisoned darts (quivered)
 n - 50 stones
 w - 3 boomerangs
 B - 2 atropa-tipped darts
 D - 2 datura-tipped darts
 U - 2 throwing nets
Armour
 a - a +0 animal skin (worn)
 b - an orb of guile
 s - a scarf of shadows
 E - a +0 cloak
 Q - a +0 hat
Jewellery
 f - a ring of resist corrosion (left claw)
 g - a ring of protection from cold (right claw)
 y - a ring of magical power
 C - a ring of flight
 H - an amulet of magic regeneration (around neck)
Talismans
 c - a beast talisman
 d - a flux talisman
 T - a flux talisman
Wands
 l - a wand of charming (5)
 u - a wand of roots (4)
 F - a wand of flame (86)
 P - a wand of light (3)
 R - a wand of mindburst (15)
Scrolls
 h - a scroll of torment
 k - a scroll of immolation
 o - 2 scrolls of enchant weapon
 p - 2 scrolls of fear
 t - 2 scrolls of fog
 v - a scroll of silence
 x - 4 scrolls of teleportation
 G - 3 scrolls of noise {unknown}
 M - a scroll of blinking {unknown}
 N - 2 scrolls of vulnerability {unknown}
 S - a scroll of brand weapon {unknown}
 V - 3 scrolls of amnesia {unknown}
Potions
 e - 3 potions of attraction {unknown}
 i - a potion of degeneration {unknown}
 q - a potion of resistance {unknown}
 r - 3 potions of might
 z - a potion of curing
 I - 2 potions of brilliance
 J - 2 potions of haste
 K - a potion of magic {unknown}
 L - a potion of experience {unknown}


   Skills:
 + Level 6.0 Fighting
 - Level 5.0 Throwing
 - Level 1.5 Dodging
 + Level 9.4 Unarmed Combat
 + Level 8.8 Shapeshifting


You had 9 spell levels left.
You didn't know any spells.
Your spell library contained the following spells:

 Spells                   Type           Power      Damage    Failure   Level
 Freeze                   Ice            0%         1d3       45%         1
 Frozen Ramparts          Ice            0%         1d1       83%         3
 Hailstorm                Conj/Ice       0%         3d5       83%         3
 Summon Ice Beast         Ice/Summ       0%         N/A       83%         3
 Sculpt Simulacrum        Ice/Alch       0%         N/A       100%        6


Dungeon Overview and Level Annotations

Branches:
Dungeon (9/15)             Temple (1/1) D:4            Lair (0/5) D:9
    Orc (0/2) D:9           Sewer (visited)

Altars:
Ashenzari
Cheibriados
Dithmenos
Elyvilon
Fedhas
Gozag
Hepliaklqana
Kikubaaqudgha
Makhleb
Nemelex Xobeh
Okawaru
Qazlal
Ru
Sif Muna
Trog
Uskayaw
Vehumet
Xom
Yredelemnul
Zin
The Shining One

Shops:
D:4 [   D:6 !

Annotations:
D:8 3 runed translucent doors, RancidPinata's ghost, weakling GrDe
D:9 Erolcha


Innate Abilities, Weirdness & Mutations

You are a hulking beast.
Your limbs bulge with bestial killing power. (Slay +4)
You are too large for most types of armour.
You have claws for hands.
Your natural rate of healing is unusually fast.
You are covered in fur. (AC +1)
You have tough skin. (AC +1)


Message History

You hear some strange, mumbled words.
You are cast into the Abyss!
This branch contains the abyssal rune of Zot.
Reactivating autopickup.
Found two corrupted altars of Lugonu.
There is a corrupted altar of Lugonu here.
No target in view!
A laughing skull comes into view.
The laughing skull gives a hideous shriek!
You hear a hideous shriek!
A laughing skull comes into view.
The laughing skull lets out a vicious peal of laugher.
The bolt of negative energy hits you!!
You feel drained.
A laughing skull comes into view. x2
There are monsters nearby!
The laughing skull headbutts you!
You claw the laughing skull!
The laughing skull is heavily damaged.
The laughing skull cackles spitefully.
The bolt of negative energy hits you.
You feel drained.
The laughing skull cackles spitefully.
The bolt of negative energy hits you!!
You feel drained.
You are too injured to fight recklessly!
You miss the laughing skull.
The laughing skull is heavily damaged.
The laughing skull misses you.
You claw the laughing skull!
The laughing skull is severely damaged.
The laughing skull headbutts you. The laughing skull headbutts you!
A red film seems to cover your vision as you go berserk!
You feel yourself moving faster!
You feel mighty!
The laughing skull lets out a vicious peal of laugher.
The bolt of negative energy hits you!!
You feel drained.
* * * LOW HITPOINT WARNING * * *
The laughing skull closely misses you. The laughing skull headbutts you!
* * * LOW HITPOINT WARNING * * *
The laughing skull cackles spitefully.
The bolt of negative energy hits you!!
You feel drained.
You die...
The laughing skull crumbles to pieces from sheer joy.

#### .... #.###....# #
#......##. ##....._....
# ####.#....#. .. .. .
........##.#...##... .#
..........#....∩.. ...
.# ... ......###.....
... . .#
#######.....#.........#
## #..#.#.#........# .
##.zh.##. .... # ..#
#.##z###. .. .
##.....#. . ..
...#.##### . ..z...#.#
...


zz... #.# ..#. .. .... ### .... You could see 2 laughing skulls.

Vanquished Creatures
  Joseph (D:8)
  Jeremiah (D:9)
  Sigmund (D:3)
  A shadow (D:9)
  Eustachio (D:6)
  A yak (D:9)
  2 wyverns
  Grum (D:8)
  Edmund (D:6)
  Duvessa (D:7)
  A water moccasin (D:5)
  An orc warrior (D:6)
  2 ice beasts (D:5)
  2 ogres
  3 wolves (D:8)
  3 centaurs
  2 phantoms
  Blork the orc (D:4)
  A bullfrog (D:7)
  2 brain worms (Sewer)
  2 scorpions
  15 wights
  Dowan (D:7)
  4 killer bees
  4 howler monkeys
  A centaur zombie (D:8)
  2 bombardier beetles
  2 orc priests
  Crazy Yiuf (D:6)
  4 hounds
  Ijyb (D:3)
  5 iguanas
  4 orc wizards
  Terence (D:2)
  A killer bee zombie (D:8)
  A howler monkey zombie (D:8)
  A gnoll (D:1)
  5 river rats (Sewer)
  13 adders
  2 white imps
  3 ribbon worms
  17 orcs
  10 endoplasms
  3 giant cockroaches
  10 goblins
  2 hobgoblins (D:4)
  7 quokkas
  7 ball pythons
  8 bats
  17 frilled lizards
  2 kobolds
  7 rats
192 creatures vanquished.

Notes
Turn   | Place    | Note
-------+----------+-------------------------------------------
     0 | D:1      | bearlyready the Troll Shapeshifter began the quest for the
                  | Orb.
     0 | D:1      | Reached XP level 1. HP: 18/18 MP: 0/0
    46 | D:1      | Reached XP level 2. HP: 24/26 MP: 1/1
   460 | D:1      | Reached XP level 3. HP: 32/32 MP: 2/2
   719 | D:2      | Noticed Terence
   727 | D:2      | Killed Terence
   728 | D:2      | Reached skill level 4 in Unarmed Combat
   728 | D:2      | Reached XP level 4. HP: 24/40 MP: 3/3
  1445 | D:3      | Noticed Ijyb
  1455 | D:3      | Killed Ijyb
  1483 | D:3      | Reached XP level 5. HP: 42/46 MP: 4/4
  1494 | D:3      | Noticed Sigmund
  1500 | D:3      | Killed Sigmund
  1501 | D:3      | Reached skill level 5 in Unarmed Combat
  1501 | D:3      | Reached skill level 5 in Shapeshifting
  1501 | D:3      | Reached XP level 6. HP: 50/54 MP: 5/5
  2314 | D:4      | Found a staircase to the Ecumenical Temple.
  2340 | Temple   | Found a transporter.
  2340 | Temple   | Found a transporter.
  2340 | Temple   | Found a transporter.
  2340 | Temple   | Found a transporter.
  2340 | Temple   | Entered the Ecumenical Temple
  2459 | D:4      | Noticed Blork the orc
  2465 | D:4      | Killed Blork the orc
  2466 | D:4      | Reached skill level 6 in Unarmed Combat
  2466 | D:4      | Reached XP level 7. HP: 61/61 MP: 6/6
  2604 | D:4      | Found Aczoddac's Antique Armour Emporium.
  2823 | D:4      | Reached skill level 1 in Fighting
  3176 | D:5      | Entered Level 5 of the Dungeon
  3351 | D:5      | Reached skill level 1 in Throwing
  3370 | D:5      | Reached XP level 8. HP: 68/74 MP: 7/7
  3410 | D:5      | You fall into a shaft and drop 3 floors!
  3576 | D:7      | Reached skill level 7 in Unarmed Combat
  3810 | D:6      | Noticed Eustachio
  3817 | D:6      | Killed Eustachio
  3844 | D:6      | Found a runed translucent door.
  3845 | D:6      | Noticed Crazy Yiuf
  3850 | D:6      | Killed Crazy Yiuf
  4172 | D:6      | Reached XP level 9. HP: 66/84 MP: 8/8
  4208 | D:6      | Found a glowing drain.
  4212 | Sewer    | Entered a sewer
  4695 | D:6      | Noticed Edmund
  4707 | D:6      | Killed Edmund
  4708 | D:6      | Reached skill level 8 in Unarmed Combat
  4866 | D:6      | Found Usejeoz's Distillery.
  4917 | D:6      | Bought a potion of curing for 33 gold pieces
  4917 | D:6      | Bought a potion of haste for 110 gold pieces
  4917 | D:6      | Bought a potion of curing for 33 gold pieces
  4917 | D:6      | Bought a potion of berserk rage for 55 gold pieces
  5275 | D:5      | Found a white marble altar of Elyvilon.
  5494 | D:7      | Noticed Duvessa
  5494 | D:7      | Noticed Dowan
  5502 | D:7      | Killed Duvessa
  5505 | D:7      | Killed Dowan
  6022 | D:8      | Found a runed translucent gate.
  6022 | D:8      | Found a runed translucent gate.
  6022 | D:8      | Found a runed translucent gate.
  6023 | D:8      | Noticed an 11-headed hydra
  6023 | D:8      | Noticed a ten-headed hydra
  6023 | D:8      | Noticed RancidPinata's ghost (weakling GrDe)
  6079 | D:8      | Reached skill level 5 in Fighting
  6138 | D:8      | Noticed Joseph
  6156 | D:8      | Killed Joseph
  6157 | D:8      | Reached skill level 5 in Throwing
  6320 | D:8      | Reached XP level 10. HP: 95/96 MP: 9/9
  6809 | D:8      | Noticed Grum
  6831 | D:8      | Reached skill level 9 in Unarmed Combat
  6841 | D:8      | Killed Grum
  7020 | D:9      | Found a sparkling altar of Nemelex Xobeh.
  7038 | D:9      | Noticed Jeremiah
  7059 | D:9      | Killed Jeremiah
  7214 | D:9      | Found a staircase to the Orcish Mines.
  7224 | D:9      | Noticed Erolcha
  7228 | Abyss:2  | Found a corrupted altar of Lugonu.
  7228 | Abyss:2  | Found a corrupted altar of Lugonu.
  7228 | Abyss:2  | Cast into level 2 of the Abyss (Erolcha)
  7278 | Abyss:2  | HP: 3/126 [laughing skull (13)]
  7278 | Abyss:2  | Killed from afar by a laughing skull

Illustrated notes

Levels and vault maps discovered:
D:1:      minmay_arrival_pointy, layout_loops_ring, minmay_domino_4
D:2:      kennysheep_big_flooded_room, layout_loops_ring, grunt_decor_arrowhead,
          grunt_ministairs_9, uniq_terence
D:3:      layout_basic, minmay_hedge_maze, nicolae_half_adder, uniq_ijyb,
          uniq_sigmund
D:4:      layout_basic, minmay_temple_entry_enclosed_plants, serial_shops,
          nicolae_stop_n_shop_2, uniq_blork_the_orc
D:5:      layout_basic, elyvilon_altar_1
D:6:      layout_layer_cave, serial_shops, shop,
          mainiacjoe_sewer_entry_somewhere_in_here_2, uniq_crazy_yiuf_cottage,
          uniq_eustachio, uniq_edmund
D:7:      layout_loops_ring, uniq_duvessa
D:8:      layout_gridville, gammafunk_ghost_hydra_chop, serial_undead,
          serial_undead_e, serial_undead_d, serial_undead_e, serial_undead_c,
          serial_undead_d, uniq_joseph, uniq_grum
D:9:      minmay_ornate_pinched, layout_cave_pools,
          nicolae_overflow_crystal_walls, nicolae_wu_jian_wuxing_cycle,
          david_lair_shrubbed, enter_bailey_2, uniq_pikel, uniq_jeremiah,
          uniq_erolcha
Temple:   hellmonk_temple_divided_pantheon
Abyss:2:  base: D:4, minivault_28

Skill      XL: |  1  2  3  4  5  6  7  8  9 10 |
---------------+-------------------------------+-----
Unarmed Combat | 4 5 6 7 8 9 |  9.4
Shapeshifting  | 4 5 6 7 8 |  8.8
Fighting       | 2 3 5 6 |  6.0
Throwing       | 1 3 5 |  5.0
Dodging        | |  1.5

Action                     |  1- 3 |  4- 6 |  7- 9 | 10-12 || total
---------------------------+-------+-------+-------+-------++-------
  Melee: Unarmed           |    53 |   114 |   292 |    47 ||   506
         Punch             |       |     1 |    13 |     1 ||    15
  Throw: Dart              |       |     8 |     3 |     6 ||    17
  Evoke: Wand              |       |       |       |     4 ||     4
    Use: Scroll            |       |       |     9 |     3 ||    12
         Potion            |       |       |     2 |     7 ||     9
   Stab: Sleeping          |       |     1 |     2 |       ||     3
 Armour: Animal skin       |    29 |    96 |   169 |    74 ||   368
         Skin              |       |       |     6 |    27 ||    33
  Dodge: Dodged            |    16 |    42 |   105 |    34 ||   197
